 Dungeon Crawl Stone Soup version 0.29.0-4-gdea44cf6ec (webtiles) character file.

Game seed: 8182394713816211211

3440 112233 the Thaumaturge (level 9, -4/39 HPs)
             Began as a Felid Fire Elementalist on Aug 26, 2022.
             Was an Initiate of Gozag.
             Slain by a komodo dragon (32 damage)
             ... on level 9 of the Dungeon.
             The game lasted 00:14:50 (13833 turns).

112233 the Thaumaturge (Felid Fire Elementalist)   Turns: 13833, Time: 00:14:50

Health: -4/39      AC:  2    Str:  4    XL:     9   Next: 77%
Magic:  11/22      EV: 20    Int: 21    God:    Gozag
Gold:   855        SH:  0    Dex: 16    Spells: 9/25 levels left
                                        Lives:  0   Deaths: 2

rFire   . . .      SeeInvis +   (weapon unavailable)
rCold   . . .      Faith    .   (shield unavailable)
rNeg    . . .      Spirit   .   (body armour unavailable)
rPois   .          Reflect  .   (helmet unavailable)
rElec   .          Harm     .   (cloak unavailable)
rCorr   .          Rampage  .   (gloves unavailable)
Will    +++..                   (boots unavailable)
Stlth   ++........              (no amulet)
HPRegen 0.13/turn               k - ring of willpower
MPRegen 0.18/turn               l - ring of willpower

@: very slightly contaminated, quick
A: very small, claws 1, fangs 3, see invisible, speed 1, shaggy fur 2, stealthy
paws, no weapons or thrown items, no armour, multi-lived
a: Renounce Religion, Potion Petition, Call Merchant, Bribe Branch


You were on level 9 of the Dungeon.
You worshipped Gozag.
Gozag was pleased with you.
You visited 2 branches of the dungeon, and saw 10 of its levels.

You collected 918 gold pieces.
You paid 63 gold pieces to Gozag.

Inventory:

Jewellery
 k - a ring of willpower (left paw)
 l - a ring of willpower (right paw)
Wands
 e - a wand of flame (38)
 o - a wand of paralysis (8)
 u - a wand of light (10)
 w - a wand of roots (4)
 x - a wand of digging (4)
Scrolls
 g - 2 scrolls of poison
 i - 2 scrolls of immolation
 j - 2 scrolls of fear
 m - 4 scrolls of teleportation
 n - a scroll of blinking
 v - a scroll of enchant armour
Potions
 a - a potion of magic
 c - 2 potions of flight
 d - 3 potions of lignification
 f - a potion of heal wounds
 h - a potion of attraction {unknown}
 p - 3 potions of brilliance
 q - 2 potions of curing {unknown}
 r - 2 potions of mutation {unknown}
 s - 2 potions of ambrosia {unknown}
 t - a potion of haste


   Skills:
 + Level 4.5 Fighting
 + Level 6.8 Dodging
 - Level 2.9 Stealth
 + Level 8.8 Spellcasting
 + Level 5.4 Conjurations
 + Level 8.0 Fire Magic


You had 9 spell levels left.
You knew the following spells:

 Your Spells              Type           Power      Damage    Failure   Level
a - Foxfire               Conj/Fire      100%       2x1d9     1%          1
b - Scorch                Fire           84%        2d9       1%          2
c - Flame Wave            Conj/Fire      37%        2d10      4%          4
d - Fireball              Conj/Fire      18%        3d9       13%         5
e - Sticky Flame          Conj/Fire      37%        2d6       4%          4

Your spell library contained the following spells:

 Spells                   Type           Power      Damage    Failure   Level
 Conjure Flame            Conj/Fire      37%        6-21      1%          3
 Static Discharge         Conj/Air       20%        3-6/arc   3%          2
 Inner Flame              Hex/Fire       26%        N/A       4%          3
 Ignite Poison            Fire/Tmut/Pois 20%        N/A       8%          3
 Sublimation of Blood     Necr           9%         N/A       11%         2
 Wereblood                Tmut           9%         N/A       11%         2
 Mephitic Cloud           Conj/Pois/Air  16%        N/A       11%         3
 Ozocubu's Armour         Ice            9%         N/A       22%         3
 Starburst                Conj/Fire      18%        6d7       56%         6
 Dispel Undead            Necr           9%         3d8       58%         4
 Petrify                  Tmut/Erth      9%         N/A       58%         4
 Freezing Cloud           Conj/Ice/Air   8%         6-21      67%         5
 Metabolic Englaciation   Hex/Ice        4%         N/A       90%         5
 Statue Form              Tmut/Erth      6%         N/A       100%        6
 Ozocubu's Refrigeration  Ice            4%         4d8       100%        7
 Summon Hydra             Summ           4%         N/A       100%        7
 Ignition                 Fire           21%        3d8       100%        8
 Polar Vortex             Ice            4%         N/A       100%        9
 Simulacrum               Ice/Necr       Unusable   N/A       N/A         6

Dungeon Overview and Level Annotations

Branches:
Dungeon (9/15)             Temple (1/1) D:5
   Lair: D:8-11         Orc: D:9-12

Altars:
Ashenzari
Dithmenos
Elyvilon
Fedhas
Gozag
Kikubaaqudgha
Makhleb
Nemelex Xobeh
Okawaru
Qazlal
Ru
Trog
Uskayaw
Vehumet
Wu Jian
Zin
The Shining One

Annotations:
D:3 2 runed translucent doors, exclusion: downstairs, 112233's ghost, weakling FeAE
D:7 exclusion: 2 downstairs
D:8 exclusion: 2 downstairs


Innate Abilities, Weirdness & Mutations

You have sharp claws.
You have razor-sharp teeth.
You have supernaturally acute eyesight. (SInv)
You cover ground quickly. (Speed+)
You are covered in thick fur. (AC +2)
Your paws help you pounce on unaware monsters.
You are incapable of wielding weapons or throwing items.
You cannot wear armour.
You gain extra lives every three experience levels.


Message History

The foxfire hits the komodo dragon.
The komodo dragon is lightly wounded.
The foxfire hits the komodo dragon.
The komodo dragon is lightly wounded.
Unknown command.
Casting: Fireball (extremely dangerous; 13% risk of failure)
Confirm with . or Enter, or press ? or * to list all spells.
You conjure some foxfire!
The foxfire hits the komodo dragon but does no damage.
The komodo dragon is lightly wounded.
The foxfire hits the komodo dragon.
The komodo dragon is moderately wounded.
Unknown command.
Casting: Foxfire (safe; 1% risk of failure)
Confirm with . or Enter, or press ? or * to list all spells.
Okay, then.
Casting: Foxfire (safe; 1% risk of failure)
Confirm with . or Enter, or press ? or * to list all spells.
The spell is extremely dangerous to miscast (13% risk of failure)!
Continue anyway?
Aiming: Fireball (extremely dangerous; 13% risk of failure)
Press: ? - help, Shift-Dir - straight line, f/p - komodo dragon
Aim: a komodo dragon (moderately wounded)
You miscast Fireball.
You are very lightly contaminated with residual magic.
Energy rips through your body!
Unknown command.
Unknown command.
Attack: -) Teeth and claws
Press: ? - help, Dir - move target, f/p - komodo dragon
Aim: a komodo dragon (moderately wounded, about 29% to evade your paws)
Okay, then.
Aiming: Fastroot
Press: ? - help, Shift-Dir - straight line, p - komodo dragon The roots erupt in riotous growth!
Roots grab the komodo dragon.
The grasping roots constrict the komodo dragon.
The komodo dragon bites you!!
Ouch! That really hurt!
You die...
Your body crumbles into a pile of gold.

#....##.....# #.#
#..#####....# #..
##.# ##...# ##.# #.#
#...# ##..# #.# #...#
##..## ##.#
##..###..## #..#
####...## ###.<##
#...## ##....@###
##...#
###......l.#####....#
#..####......##....##
#### ##....[.....##
#.........##
#........##
#........# #........#
#..........


You could see a komodo dragon (rooted).

Vanquished Creatures
  Erica (D:8)
  Pikel (D:4)
  Maurice (D:8)
  An unseen horror (D:6)
  2 komodo dragons
  Sigmund (D:4)
  2 wyverns
  A water moccasin (D:9)
  2 acid dragons (D:8)
  An orc warrior (D:8)
  A sky beast (D:7)
  2 black bears
  3 ogres
  2 centaurs
  A lemure (D:4)
  3 bullfrogs
  2 gnoll sergeants
  A scorpion (D:4)
  2 necrophages
  3 wights (D:8)
  3 electric eels (D:8)
  A howler monkey (D:6)
  A jelly (D:6)
  3 hounds
  An orc priest (D:9)
  3 iguanas
  4 orc wizards
  15 gnolls
  9 adders
  A white imp (D:5)
  A worm (D:3)
  3 dart slugs
  10 orcs
  3 ball pythons
  9 endoplasms
  4 giant cockroaches
  11 hobgoblins
  5 quokkas
  10 bats
  4 goblins
  8 kobolds
  11 rats
153 creatures vanquished.

Vanquished Creatures (collateral kills)
  5 foxfires
5 creatures vanquished.

Vanquished Creatures (others)
  2 orcs (D:8)
  504 foxfires
  31 fungi (D:9)
  35 plants
572 creatures vanquished.

Grand Total: 730 creatures vanquished

Notes
Turn   | Place    | Note
-------+----------+-------------------------------------------
     0 | D:1      | 112233 the Felid Fire Elementalist began the quest for the
                  | Orb.
     0 | D:1      | Reached XP level 1. HP: 7/7 MP: 4/4
   172 | D:1      | Reached skill level 1 in Conjurations
   313 | D:2      | Reached XP level 2. HP: 11/11 MP: 4/6
   335 | D:2      | Found an ancient bone altar of Kikubaaqudgha.
  1238 | D:2      | Reached XP level 3. HP: 14/14 MP: 5/8
  2453 | D:1      | Found a faded altar of an unknown god.
  2730 | D:1      | Reached XP level 4. HP: 18/18 MP: 6/10
  3192 | D:1      | Learned a level 2 spell: Scorch
  3197 | D:1      | Learned a level 4 spell: Flame Wave
  3312 | D:3      | Found a broken altar of Ashenzari.
  4157 | D:3      | Found a large runed translucent door.
  4158 | D:3      | Found a large runed translucent door.
  4159 | D:3      | Noticed 112233's ghost (weakling FeAE)
  4201 | D:3      | Noticed an ogre
  4547 | D:4      | Noticed a necrophage
  4555 | D:4      | Killed a necrophage
  4556 | D:4      | Reached XP level 5. HP: 21/21 MP: 7/13
  4643 | D:4      | HP: 1/31 [poisoned by a scorpion]
  4652 | D:4      | Reached skill level 5 in Spellcasting
  5033 | D:4      | Noticed Sigmund
  5130 | D:4      | Gained mutation: You are covered in thick fur. (AC +2)
                  | [Felid growth]
  5130 | D:4      | Reached XP level 6. HP: 24/24 MP: 9/14
  5226 | D:4      | Found an iron altar of Okawaru.
  5549 | D:4      | Noticed Pikel
  5900 | D:4      | Killed Sigmund
  6579 | D:4      | Killed Pikel
  6580 | D:4      | Reached skill level 5 in Fire Magic
  6580 | D:4      | Reached XP level 7. HP: 21/27 MP: 5/17
  6767 | D:5      | Entered Level 5 of the Dungeon
  7008 | D:5      | Learned a level 5 spell: Fireball
  7013 | D:5      | Reached XP level 8. HP: 31/31 MP: 15/19
  7073 | D:5      | Found a staircase to the Ecumenical Temple.
  7096 | Temple   | Entered the Ecumenical Temple
  7253 | Temple   | Became a worshipper of Gozag Ym Sagoz the Greedy
  7417 | D:5      | Found a sacrificial altar of Ru.
  7743 | D:5      | Learned a level 4 spell: Sticky Flame
  7994 | D:5      | Slain by a black bear
  7995 | D:5      | Reached XP level 7. HP: -1/27 MP: 13/18
  8575 | D:6      | Reached XP level 8. HP: 15/31 MP: 15/20
  8735 | D:6      | Found a glowing golden altar of the Shining One.
  8815 | D:6      | Reached skill level 1 in Fighting
  9227 | D:6      | Noticed an unseen horror
  9241 | D:6      | Killed an unseen horror
 10095 | D:7      | Noticed a komodo dragon
 10102 | D:7      | Killed a komodo dragon
 10103 | D:7      | Reached XP level 9. HP: 16/37 MP: 16/22
 10879 | D:7      | Slain by an orc wizard
 10880 | D:7      | Reached XP level 8. HP: 0/34 MP: 16/21
 11416 | D:8      | Reached skill level 5 in Dodging
 11639 | D:8      | Noticed Erica
 11654 | D:8      | Killed Erica
 11752 | D:8      | Noticed Maurice
 11781 | D:8      | Killed Maurice
 11782 | D:8      | Reached skill level 5 in Conjurations
 11782 | D:8      | Reached XP level 9. HP: 39/39 MP: 8/22
 12622 | D:9      | Noticed a komodo dragon
 13023 | D:9      | Noticed a komodo dragon
 13384 | D:8      | Killed a komodo dragon
 13833 | D:9      | Slain by a komodo dragon

Illustrated notes

Levels and vault maps discovered:
D:1:      lightli_molten_gateway, layout_basic,
          shapermc_ecumenical_altar_acropolis, minmay_heptomino_h4
D:2:      layout_basic, basic_altar, chequers_serial_rivers_large_b,
          item_on_display_a
D:3:      layout_basic, ashenzari_altar_1, ebering_ghost_disaster_area
D:4:      layout_loops_ring, okawaru_ov_weapons_minmay,
          minmay_goblin_kobold_house, uniq_pikel, uniq_sigmund
D:5:      wad_crossroads, layout_basic, nicolae_ru_path_of_blood,
          minmay_temple_entry_sparse_star, serial_rivers,
          chequers_serial_rivers_small_a, chequers_serial_rivers_marsh,
          chequers_serial_rivers_micro_e, chequers_serial_rivers_micro_a,
          minmay_misc_feat_encased
D:6:      layout_cave_pools, tso_metal_star, minmay_three_doors
D:7:      nicolae_BIG_FREAKIN_CUBE, layout_basic
D:8:      layout_loops_ring, serial_bayou_lagoon_b, uniq_maurice, uniq_erica
D:9:      layout_layer_cave, tgw_kikubaaqudgha, due_lair_maze_entry_diamond,
          minmay_lizard_king
Temple:   regret_index_temple_sphere_string

Skill      XL: |  1  2  3  4  5  6  7  8  9 |
---------------+----------------------------+-----
Conjurations   | 1 3 5 |  5.4
Spellcasting   | 3 4 5 6 8 |  8.8
Fire Magic     | 3 5 7 8 |  8.0
Dodging        | 6 |  6.8
Fighting       | 3 4 |  4.5
Stealth        | |  2.9

Action                   |  1- 3 |  4- 6 |  7- 9 || total
-------------------------+-------+-------+-------++-------
 Cast: Foxfire           |    92 |    81 |   139 ||   312
       Scorch            |       |    42 |    56 ||    98
       Sticky Flame      |       |       |     9 ||     9
       Fireball          |       |       |    15 ||    15
Evoke: Wand              |       |       |     1 ||     1
  Use: Potion            |       |     5 |     2 ||     7
       Scroll            |       |       |     7 ||     7
Armor: Skin              |       |    17 |     4 ||    21
Dodge: Dodged            |    19 |    18 |    77 ||   114
